 Dungeon Crawl Stone Soup version 0.28.0 (webtiles) character file.

Game seed: 11544415862059785853

176 hikkokomori the Chopper (level 5, -8/47 HPs)
             Began as a Minotaur Cinder Acolyte on Feb 6, 2022.
             Was an Initiate of Gozag.
             Mangled by a fire elemental (10 damage)
             ... created by the fiery vengeance of Ignis
             ... on level 3 of the Dungeon.
             The game lasted 00:06:48 (1810 turns).

hikkokomori the Chopper (Minotaur Cinder Acolyte)   Turns: 1810, Time: 00:06:48

Health: -8/47      AC:  2    Str: 21    XL:     5   Next: 30%
Magic:  7/7        EV: 11    Int: 11    God:    Gozag
Gold:   43         SH:  0    Dex:  5    Spells: 8/8 levels left

rFire   . . .      SeeInvis .   c - +1 hand axe (vorpal)
rCold   . . .      Faith    .   (no shield)
rNeg    . . .      Spirit   .   b - +0 robe
rPois   .          Reflect  .   (helmet restricted)
rElec   .          Harm     .   (no cloak)
rCorr   .          Rampage  .   (no gloves)
Will    .....                   (no boots)
Stlth   +.........              (no amulet)
HPRegen 0.15/turn               (no ring)
MPRegen 0.10/turn               (no ring)

@: fire susceptible
A: horns 2, retaliatory headbutt
a: Renounce Religion, Potion Petition, Call Merchant, Bribe Branch


You were on level 3 of the Dungeon.
You worshipped Gozag.
Gozag was noncommittal.
You visited 2 branches of the dungeon, and saw 5 of its levels.

You collected 63 gold pieces.
You paid 20 gold pieces to Gozag.

Inventory:

Hand Weapons
 a - a -1 hand axe of flaming
 c - a +1 vorpal hand axe (weapon)
Armour
 b - a +0 robe (worn)
Scrolls
 h - a scroll of magic mapping {unknown}
Potions
 d - a potion of heal wounds {unknown}
 e - a potion of berserk rage {unknown}
 f - a potion of degeneration {unknown}
 g - a potion of flight {unknown}


   Skills:
 + Level 4.7 Fighting
 + Level 4.8 Axes
 + Level 2.0 Spellcasting
 + Level 2.9 Fire Magic


You had 8 spell levels left.
You didn't know any spells.
Your spell library contained the following spells:

 Spells                   Type           Power      Damage    Failure   Level
 Scorch                   Fire           14%        2d5       13%         2
 Call Canine Familiar     Summ           1%         N/A       65%         3
 Portal Projectile        Hex/Tloc       2%         N/A       65%         3
 Leda's Liquefaction      Hex/Erth       0%         N/A       96%         4


Dungeon Overview and Level Annotations

Branches:
Dungeon (4/15)             Temple (1/1) D:4

Altars:
Ashenzari
Cheibriados
Dithmenos
Elyvilon
Fedhas
Gozag
Hepliaklqana
Kikubaaqudgha
Makhleb
Nemelex Xobeh
Okawaru
Sif Muna
Trog
Uskayaw
Vehumet
Wu Jian
Xom
Yredelemnul
Zin
The Shining One

Shops:
D:1 (==


Innate Abilities, Weirdness & Mutations

You have a pair of horns on your head.
You reflexively headbutt those who attack you in melee.


Message History

You kill the goblin!
No target in view!
Magic restored.
Ignis calls forth spirits of fire to unmake you! 2 fire elementals come into view.
There are monsters nearby!
There are monsters nearby!
Unknown command.
You hit the fire elemental. You headbutt the fire elemental!
The fire elemental is moderately damaged.
Unknown command.
You closely miss the fire elemental.
The fire elemental is moderately damaged.
The fire elemental barely misses you.
Unknown command.
You closely miss the fire elemental.
Your headbutt misses the fire elemental.
The fire elemental is moderately damaged.
You barely miss the fire elemental. The fire elemental barely misses you.
The fire elemental misses you. You furiously retaliate!
You headbutt the fire elemental!
Unknown command.
You slash the fire elemental!
Your headbutt misses the fire elemental.
The fire elemental is severely damaged.
You closely miss the fire elemental. The fire elemental hits you.
The fire elemental burns you! The fire elemental hits you.
The fire elemental burns you!
* * * LOW HITPOINT WARNING * * *
You hit the fire elemental but do no damage.
Your headbutt misses the fire elemental.
The fire elemental is severely damaged.
You barely miss the fire elemental. The fire elemental hits you.
* * * LOW HITPOINT WARNING * * *
The fire elemental burns you!
* * * LOW HITPOINT WARNING * * *
The fire elemental barely misses you. The fire elemental closely misses you.
The fire elemental hits you. The fire elemental burns you!
You die...
Your body crumbles into a pile of gold.

#..#.##
##.#..#
#..#.#
##.#.#
#...#
##..##
..####...#
.......E.#
.......@.#
.......E$$#
..#####.○.#
. #$.>.#
#.#..#
#.#.(#
#.#..#
#.#..#


You could see 2 fire elementals.

Vanquished Creatures
  A black bear (D:4)
  An orc priest (D:4)
  A howler monkey skeleton (D:3)
  An adder (D:2)
  An adder skeleton (D:4)
  A worm (D:3)
  4 dart slugs
  3 orcs (D:4)
  A bat (D:1)
  A giant cockroach (D:1)
  3 goblins
  2 hobgoblins
  2 kobolds (D:1)
  A quokka (D:1)
  3 ball pythons
  A frilled lizard (D:1)
27 creatures vanquished.

Notes
Turn   | Place    | Note
-------+----------+-------------------------------------------
     0 | D:1      | hikkokomori the Minotaur Cinder Acolyte began the quest for
                  | the Orb.
     0 | D:1      | Reached XP level 1. HP: 19/19 MP: 1/1
    37 | D:1      | Found Vyfugyage's Jewellery Emporium.
   263 | D:1      | Reached XP level 2. HP: 27/27 MP: 2/2
   399 | D:1      | Found Bijaidd's Weapon Shoppe.
   557 | D:1      | Found Wopnyajik's Jewellery Boutique.
   930 | D:2      | Reached XP level 3. HP: 26/33 MP: 2/4
  1000 | D:2      | You fall into a shaft and drop 2 floors!
  1000 | D:4      | Noticed a black bear
  1005 | D:4      | Killed a black bear
  1006 | D:4      | Reached XP level 4. HP: 27/41 MP: 5/5
  1036 | D:4      | Reached XP level 5. HP: 29/47 MP: 6/6
  1283 | D:4      | Found a staircase to the Ecumenical Temple.
  1291 | Temple   | Entered the Ecumenical Temple
  1345 | Temple   | Fell from the grace of Ignis
  1345 | Temple   | Became a worshipper of Gozag Ym Sagoz the Greedy
  1806 | D:3      | Noticed a fire elemental
  1806 | D:3      | Noticed a fire elemental
  1810 | D:3      | HP: 2/47 [fire elemental[the fiery vengeance of Ignis] (9)]
  1810 | D:3      | Mangled by a fire elemental

Illustrated notes

Levels and vault maps discovered:
D:1:      nicolae_arrival_washed_ashore, layout_loops_ring, serial_shops, shop,
          shop, nicolae_diamond_shop
D:2:      layout_loops_ring
D:3:      layout_basic, dreamdust_ecumenical_altar_statues, minmay_surrounded,
          uniq_sigmund
D:4:      layout_rooms, minmay_temple_entry_tees, fountainhead
Temple:   mainiacjoe_temple_big_plus

Skill      XL: |  1  2  3  4  5 |
---------------+----------------+-----
Fighting       | 4 |  4.7
Axes           | 4 |  4.8
Spellcasting   | 2 |  2.0
Fire Magic     | |  2.9

Action                   |  1- 3 |  4- 6 || total
-------------------------+-------+-------++-------
Melee: Hand axe          |    33 |    36 ||    69
       Headbutt          |     5 |     3 ||     8
  Use: Potion            |     1 |       ||     1
Armor: Robe              |     6 |     7 ||    13
Dodge: Dodged            |    21 |    18 ||    39
